 Dungeon Crawl Stone Soup version 0.17.0-15-g6d90897 (webtiles) character file.

1306 4thArraOfDagon the Cleaver (level 8, 0/71 HPs)
             Began as a Minotaur Fighter on Nov 10, 2015.
             Was a Follower of Cheibriados.
             Succumbed to a water moccasin's poison
             ... on level 9 of the Dungeon.
             The game lasted 00:06:35 (1390 turns).

4thArraOfDagon the Cleaver (Minotaur Fighter)       Turns: 1390, Time: 00:06:35

Health: 0/71       AC:  9    Str: 22    XL:     8   Next: 32%
Magic:  1/8        EV: 11    Int: 14    God:    Cheibriados [*.....]
Gold:   169        SH:  0    Dex: 16    Spells: 0 memorised, 7 levels left

rFire  x . .     SeeInvis .     a - +0 war axe
rCold  + . .     Clarity  .     b - +1 scale mail
rNeg   . . .     SustAt   .     (no shield)
rPois  +         Gourm    .     y - +1 hat
rElec  .         Spirit   +     (no cloak)
rCorr  .         Warding  .     (no gloves)
rMut   .         Stasis   .     (no boots)
MR     .....                    o - amulet of guardian spirit
Stlth  ..........               (no ring)
                                q - ring "Vibu" {Ice rPois Str-2 Int+5 Dex+2}

@: lethally poisoned (0 -> -3), very slow, not resistant to hostile
enchantments, extremely unstealthy
A: retaliatory headbutt, horns 2
a: Bend Time, Renounce Religion


You were on level 9 of the Dungeon.
You worshipped Cheibriados.
Cheibriados was aware of your devotion.
You were not hungry.

You visited 1 branch of the dungeon, and saw 9 of its levels.

You collected 169 gold pieces.

Inventory:

Hand Weapons
 a - a +0 war axe (weapon)
 f - a +0 battleaxe
 l - a +2 hand crossbow of evasion
 v - a +0 blowgun
Missiles
 w - 11 poisoned needles
Armour
 b - a +1 scale mail (worn)
 y - a +1 hat (worn)
Jewellery
 m - an uncursed ring of ice
 o - an amulet of guardian spirit (around neck)
 q - the ring "Vibu" (left hand) {Ice rPois Str-2 Int+5 Dex+2}
   (You found it on level 6 of the Dungeon)

   [ring of ice]

   It enhances your ice magic, and weakens your fire magic.
   It affects your strength (-2).
   It affects your intelligence (+5).
   It affects your dexterity (+2).
   It makes you vulnerable to fire.
   It protects you from cold.
   It protects you from poison.
Wands
 d - a wand of teleportation (5)
 g - a wand of slowing (8)
 j - a wand of draining (10)
Scrolls
 k - 3 scrolls of remove curse {unknown}
 n - a scroll of magic mapping {unknown}
 p - a scroll of identify {unknown}
 s - a scroll of immolation {unknown}
Books
 h - a book of Envenomations

   Spells                             Type                      Level
   a - Spider Form                    Transmutation/Poison         3
   b - Alistair's Intoxication        Transmutation/Poison         4
   c - Olgreb's Toxic Radiance        Poison                       4
   d - Poisonous Cloud                Conjuration/Poison/Air       6
Comestibles
 e - 3 bread rations
 i - a slice of pizza
 r - 3 chunks of flesh
 t - a beef jerky
 u - a royal jelly


   Skills:
 + Level 6.8 Fighting
 * Level 8.5 Axes
 + Level 6.6 Armour
 + Level 2.3 Dodging
   Level 3.6 Shields
 + Level 1.8 Invocations


You had 7 spell levels left.
You didn't know any spells.

Dungeon Overview and Level Annotations

Branches:
Dungeon (9/15)               Lair (0/8) D:8
 Temple: D:4-7          Orc: D:9-12

Altars:
Ashenzari
Cheibriados
Fedhas
Okawaru
Ru
Trog
Yredelemnul

Annotations:
D:8 4thArraOfDagon's ghost, novice TrMo


Innate Abilities, Weirdness & Mutations

You reflexively headbutt those who attack you in melee.
You have a pair of horns on your head.


Message History

* * * LOW HITPOINT WARNING * * *
You feel sick. The killer bee misses you. The killer bee stings you.
Unknown command.
Unknown command.
You slash the killer bee!
You kill the killer bee!
Cheibriados thoroughly appreciates the change of pace.
Unknown command.
Unknown command.
You aren't carrying any potions.
Unknown command.
Read which item? (? for menu, Esc to quit)
Okay, then.
* * * LOW HITPOINT WARNING * * *
You feel sick.
Things that are here:
a killer bee corpse x2
* * * LOW HITPOINT WARNING * * *
You feel sick.
You die...

... ....... .. .....
.....##.. ... .....
........ . ..##.......
......# %
###...........##.....#..
.......... .............
......... #..........
.......#######..@.......
............##..........
..............†.........
............†.†.........
........................
........................
.................##.....
.................# .....
.................# #..


There were no monsters in sight!

Vanquished Creatures
  2 water moccasins
  A phantom (D:5)
  An ogre (D:5)
  A big kobold (D:9)
  Blork the orc (D:5)
  A giant frog (D:9)
  A water moccasin zombie (D:5)
  5 killer bees (D:9)
  A crimson imp (D:7)
  An orc priest (D:2)
  A centaur zombie (D:6)
  A giant frog zombie (D:7)
  A giant frog skeleton (D:6)
  A centaur skeleton (D:6)
  A jelly (D:5)
  An orc wizard (D:6)
  5 worker ants
  2 gnolls
  A worm (D:6)
  3 giant geckos
  9 orcs
  A bat (D:8)
  2 giant cockroaches
  3 hobgoblins (D:2)
  A quokka (D:7)
  2 giant newts
  2 goblins
  8 kobolds
  4 rats
64 creatures vanquished.

Vanquished Creatures (others)
  A fungus (D:8)
1 creature vanquished.

Grand Total: 65 creatures vanquished

Notes
Turn   | Place    | Note
--------------------------------------------------------------
     0 | D:1      | 4thArraOfDagon the Minotaur Fighter began the quest for the Orb.
     0 | D:1      | Reached XP level 1. HP: 19/19 MP: 0/0
   230 | D:2      | Reached XP level 2. HP: 27/27 MP: 1/1
   245 | D:2      | Reached skill level 4 in Fighting
   298 | D:2      | Reached XP level 3. HP: 26/33 MP: 2/2
   315 | D:3      | Reached XP level 4. HP: 2/41 MP: 3/3
   377 | D:5      | Entered Level 5 of the Dungeon
   386 | D:5      | Noticed an ogre
   393 | D:5      | Killed an ogre
   393 | D:5      | Reached skill level 5 in Axes
   393 | D:5      | Reached XP level 5. HP: 17/47 MP: 4/4
   399 | D:5      | Noticed a phantom
   408 | D:5      | Noticed Blork the orc
   418 | D:5      | Reached skill level 5 in Fighting
   424 | D:5      | HP: 2/48 [Blork the orc/puff of flame (10)]
   425 | D:5      | Killed a phantom
   425 | D:5      | Reached skill level 5 in Armour
   425 | D:5      | Reached XP level 6. HP: 2/56 MP: 5/5
   426 | D:5      | Killed Blork the orc
   426 | D:5      | Reached skill level 6 in Axes
   709 | D:6      | Found a basalt altar of Yredelemnul.
   711 | D:6      | Found a blossoming altar of Fedhas.
   715 | D:6      | Found a bloodstained altar of Trog.
   715 | D:6      | Found an iron altar of Okawaru.
   715 | D:6      | Found a snail-covered altar of Cheibriados.
   717 | D:6      | Found a sacrificial altar of Ru.
   718 | D:6      | Found a shattered altar of Ashenzari.
   722 | D:6      | Got a heavily runed copper ring
   723 | D:6      | Identified the ring "Vibu" {Ice rPois Str-2 Int+5 Dex+2} (You found it on level 6 of the Dungeon)
   725 | D:6      | Became a worshipper of Cheibriados the Contemplative
   775 | D:6      | Reached XP level 7. HP: 46/62 MP: 6/6
   785 | D:6      | Reached skill level 7 in Axes
   896 | D:6      | Noticed a water moccasin
   904 | D:6      | Killed a water moccasin
  1196 | D:8      | Noticed 4thArraOfDagon's ghost (novice TrMo)
  1249 | D:8      | Reached * piety under Cheibriados
  1295 | D:8      | Found a staircase to the Lair.
  1316 | D:9      | Reached skill level 1 in Dodging
  1321 | D:9      | Reached skill level 8 in Axes
  1321 | D:9      | Reached skill level 1 in Invocations
  1381 | D:9      | Reached XP level 8. HP: 24/71 MP: 4/7
  1385 | D:9      | HP: 3/71 [killer bee (5)]
  1388 | D:9      | HP: 1/71 [poisoned by a water moccasin]
  1390 | D:9      | Succumbed to a water moccasin's poison

Action                   |  1- 3 |  4- 6 |  7- 9 || total
-------------------------+-------+-------+-------++-------
Melee: War axe           |    35 |    38 |    64 ||   137
  Use: Potion            |       |     5 |     4 ||     9
       Scroll            |       |     1 |     2 ||     3
  Eat: Beef jerky        |       |       |     1 ||     1
       Chunk             |       |       |     1 ||     1
